 Dungeon Crawl Stone Soup version 0.31-a0-845-g9abc20d24f (console) character file.

Game seed: 2735630500219891924

5084 runelet the Magician (level 10, 0/79 HPs)
             Began as a Gnoll Warper on Oct 2, 2023.
             Was a Priest of Makhleb.
             Slain by a troll (17 damage)
             ... on level 7 of the Dungeon.
             The game lasted 00:25:11 (7818 turns).

runelet the Magician (Gnoll Warper)                 Turns: 7818, Time: 00:25:12

Health: 0/79       AC:  6    Str: 11    XL:     10   Next: 57%
Magic:  21/21      EV: 19    Int: 13    God:    Makhleb [***...]
Gold:   427        SH:  5    Dex: 15    Spells: 19/24 levels left

rFire   + + .        b - +5 scimitar
rCold   . . .        y - +0 buckler
rNeg    . . .        E - +0 leather armour {rF+}
rPois   .            e - +0 helmet
rElec   .            (no cloak)
rCorr   .            n - +0 pair of gloves
SInv    .            (no boots)
Will    .....        (no amulet)
Stlth   +++          k - +5 ring of evasion
HPRegen 0.33/turn    l - ring of protection from fire
MPRegen 0.17/turn

%: no passive effects
@: no status effects
A: fangs 1, strong nose, distributed training
a: Renounce Religion, Minor Destruction, Lesser Servant of Makhleb


You were on level 7 of the Dungeon.
You worshipped Makhleb.
Makhleb was most pleased with you.
You visited 2 branches of the dungeon, and saw 8 of its levels.
You also visited: Bailey.

You collected 427 gold pieces.

Inventory:

Hand Weapons
 a - a +2 dagger of draining
 b - a +5 scimitar (weapon)
 h - a +0 falchion
 z - a +1 dagger of holy wrath
 G - a +1 trident of flaming
 M - a +0 double sword of venom
Missiles
 d - 7 darts of dispersal
 u - 4 poisoned darts
 w - a curare-tipped dart
Armour
 e - a +0 helmet (worn)
 j - an orb of mayhem
 n - a +0 pair of gloves (worn)
 y - a +0 buckler (worn)
 D - a +0 kite shield
 E - a +0 leather armour of fire resistance (worn)
 N - a +1 ring mail of fire resistance
Jewellery
 k - a +5 ring of evasion (left hand)
 l - a ring of protection from fire (right hand)
Wands
 s - a wand of flame (15)
 P - a wand of digging (4)
Scrolls
 c - 3 scrolls of blinking
 m - 3 scrolls of revelation
 p - 3 scrolls of teleportation
 r - a scroll of poison
 t - 2 scrolls of immolation
 v - 5 scrolls of enchant weapon
 A - a scroll of fear {unknown}
 B - 2 scrolls of amnesia {unknown}
 C - 2 scrolls of fog {unknown}
 H - a scroll of vulnerability {unknown}
 I - a scroll of butterflies {unknown}
 K - a scroll of acquirement
 O - a scroll of enchant armour {unknown}
Potions
 f - 2 potions of curing
 g - a potion of invisibility
 i - 2 potions of enlightenment
 o - 2 potions of magic
 q - 2 potions of mutation
 x - a potion of might
 F - a potion of resistance {unknown}
 J - a potion of attraction {unknown}
 L - a potion of brilliance {unknown}


   Skills:
 + Level 7.2 Fighting
 + Level 5.5 Short Blades
 + Level 7.2 Long Blades
 + Level 5.5 Axes
 + Level 5.5 Maces & Flails
 + Level 5.5 Polearms
 + Level 5.5 Staves
 + Level 5.5 Ranged Weapons
 + Level 6.1 Throwing
 + Level 6.1 Armour
 + Level 7.2 Dodging
 + Level 5.5 Stealth
 + Level 5.5 Shields
 + Level 5.5 Unarmed Combat
 + Level 7.5 Spellcasting
 + Level 4.5 Conjurations
 + Level 4.5 Hexes
 + Level 4.5 Summonings
 + Level 4.5 Necromancy
 + Level 7.2 Translocations
 + Level 4.5 Transmutations
 + Level 4.5 Fire Magic
 + Level 4.5 Ice Magic
 + Level 4.5 Air Magic
 + Level 4.5 Earth Magic
 + Level 4.5 Poison Magic
 + Level 6.0 Invocations
 + Level 5.5 Evocations
 + Level 5.0 Shapeshifting


You had 19 spell levels left.
You knew the following spells:

 Your Spells              Type           Power      Damage    Failure   Level
a - Blink                 Tloc           46%        N/A       1%          2
b - Gell's Gravitas       Tloc           23%        N/A       3%          3

Your spell library contained the following spells:

 Spells                   Type           Power      Damage    Failure   Level
 Lesser Beckoning         Tloc           46%        N/A       1%          2
 Teleport Other           Tloc           23%        N/A       3%          3
 Manifold Assault         Tloc           23%        N/A       13%         4
 Vhi's Electric Charge    Tloc/Air       40%        N/A       22%         4
 Leda's Liquefaction      Hex/Erth       8%         N/A       36%         4
 Arcjolt                  Conj/Air       8%         1d18      71%         5
 Lee's Rapid Deconstruct  Erth           8%         3d7*      71%         5
 Bombard                  Conj/Erth      8%         9d2       99%         6
 Plasma Beam              Fire/Air       8%         2x1d18    99%         6


Dungeon Overview and Level Annotations

Branches:
Dungeon (7/15)             Temple (1/1) D:4          Bailey (visited)

Altars:
Ashenzari
Cheibriados
Dithmenos
Elyvilon
Fedhas
Hepliaklqana
Kikubaaqudgha
Makhleb
Nemelex Xobeh
Okawaru
Ru
Sif Muna
Uskayaw
Wu Jian
Xom
Yredelemnul
Zin
The Shining One


Innate Abilities, Weirdness & Mutations

You have very sharp teeth.
Your uncanny sense of smell can sniff out nearby items.
Your experience applies equally to all skills.


Message History

You hit the scorpion.
The scorpion is heavily wounded.
The scorpion closely misses you.
The scorpion stings you but does no damage.
You hit the scorpion.
The scorpion is severely wounded.
The scorpion stings you but does no damage.
A white imp comes into view.
The scorpion stings you but does no damage.
You slash the scorpion!
You kill the scorpion!
Makhleb accepts your kill.
Okay, then.
You closely miss the troll. The troll closely misses you. The troll claws you.
You block the troll's attack.
You barely miss the troll. The troll completely misses you. x2
You block the troll's attack.
You barely miss the troll. The troll bites you! The troll claws you!
The troll misses you.
A demon appears!
You block the troll's attack. The troll claws you! x2
Unknown command.
You slash the troll!
The troll is moderately wounded.
The troll bites you! The troll barely misses you. The troll closely misses you.
Your neqoxec hits the troll.
Unknown command.
You closely miss the troll.
The troll is heavily wounded.
The troll bites you!
* * * LOW HITPOINT WARNING * * *
The troll barely misses you. The troll misses you.
Your neqoxec closely misses the troll.
Unknown command.
You slash the troll!
The troll is severely wounded.
You block the troll's attack. The troll claws you.
* * * LOW HITPOINT WARNING * * *
You block the troll's attack.
Your neqoxec barely misses the troll.
The troll attacks as it pursues you! The troll bites you!
You die...

.# #..)..#####.....#
.####...##...##...##
....##.##.....##.##
##.###.#,.$....#.#
#...'.#,.5[...'.#
#.###.#,......#5#
#.###.##.....##.##
#.##.÷.##...##.T3##
##.#.....#####..@..#
#..#.....†.........#
#.##.....#####.....#
#.###...##.#.##...###
..# ######....#####.#
.## #.#.....##.# .#
#.#.....##.# .#
####.#.....##.# .#
#.......#####.#


You could see a troll (ally target), a white imp and a friendly neqoxec
(summoned).

Vanquished Creatures
  Pikel (D:7)
  A faun (Bailey)
  A kobold demonologist (Bailey)
  Sigmund (D:5)
  A wyvern (D:7)
  A steam dragon (D:6)
  A water moccasin (D:7)
  3 black bears
  A sky beast (D:7)
  12 orc warriors
  An ogre (D:5)
  A lemure (D:7)
  A phantom (D:4)
  A kobold brigand (D:3)
  2 bullfrogs (D:7)
  2 gnoll sergeants
  4 scorpions
  4 wights (D:6)
  An electric eel (Bailey)
  A howler monkey (D:5)
  5 orc priests
  4 hounds
  A jelly (D:4)
  A gnoll bouda (D:7)
  Ijyb (D:5)
  3 iguanas
  6 orc wizards
  Robin (D:2)
  15 gnolls
  7 adders
  4 white imps
  2 ufetubi
  A worm (D:5)
  A dart slug (D:2)
  24 orcs
  8 endoplasms
  A giant cockroach (D:3)
  23 goblins
  19 hobgoblins
  3 jackals
  3 kobolds
  2 quokkas
  11 ball pythons
  6 bats
  4 frilled lizards
  2 rats (D:3)
199 creatures vanquished.

Vanquished Creatures (others)
  A human (D:6)
  An iguana (D:4)
  An orc wizard (D:6)
  A dart slug (D:4)
4 creatures vanquished.

Grand Total: 203 creatures vanquished

Notes
Turn   | Place    | Note
-------+----------+-------------------------------------------
     0 | D:1      | runelet the Gnoll Warper began the quest for the Orb.
     0 | D:1      | Reached XP level 1. HP: 20/20 MP: 6/6
   165 | D:1      | Reached XP level 2. HP: 26/26 MP: 7/7
   474 | D:1      | Learned a level 2 spell: Blink
   601 | D:2      | Reached skill level 5 in Spellcasting
   601 | D:2      | Reached XP level 3. HP: 31/31 MP: 7/9
   685 | D:2      | Reached skill level 1 in Invocations
   806 | D:2      | Noticed Robin
   822 | D:1      | Reached skill level 1 in Short Blades
   822 | D:1      | Reached skill level 1 in Axes
   822 | D:1      | Reached skill level 1 in Maces & Flails
   822 | D:1      | Reached skill level 1 in Polearms
   822 | D:1      | Reached skill level 1 in Staves
   822 | D:1      | Reached skill level 1 in Ranged Weapons
   822 | D:1      | Reached skill level 1 in Stealth
   822 | D:1      | Reached skill level 1 in Shields
   822 | D:1      | Reached skill level 1 in Unarmed Combat
   822 | D:1      | Reached skill level 1 in Evocations
  1071 | D:2      | Reached skill level 1 in Shapeshifting
  1071 | D:2      | Reached XP level 4. HP: 38/38 MP: 11/11
  1254 | D:2      | Reached skill level 1 in Conjurations
  1254 | D:2      | Reached skill level 1 in Hexes
  1254 | D:2      | Reached skill level 1 in Summonings
  1254 | D:2      | Reached skill level 1 in Necromancy
  1254 | D:2      | Reached skill level 1 in Transmutations
  1254 | D:2      | Reached skill level 1 in Fire Magic
  1254 | D:2      | Reached skill level 1 in Ice Magic
  1254 | D:2      | Reached skill level 1 in Air Magic
  1254 | D:2      | Reached skill level 1 in Earth Magic
  1254 | D:2      | Reached skill level 1 in Poison Magic
  1295 | D:2      | Killed Robin
  1652 | D:3      | Reached XP level 5. HP: 39/43 MP: 12/12
  1868 | D:3      | Noticed a kobold brigand
  1887 | D:3      | Killed a kobold brigand
  2102 | D:4      | Noticed a phantom
  2297 | D:4      | Found a shimmering altar of Xom.
  2515 | D:3      | Reached XP level 6. HP: 47/50 MP: 13/13
  2631 | D:4      | Found a broken altar of Ashenzari.
  2776 | D:3      | Reached skill level 5 in Fighting
  2776 | D:3      | Reached skill level 5 in Long Blades
  2776 | D:3      | Reached skill level 5 in Dodging
  3025 | D:4      | Found a staircase to the Ecumenical Temple.
  3037 | Temple   | Entered the Ecumenical Temple
  3045 | Temple   | Became a worshipper of Makhleb the Destroyer
  3069 | D:4      | Found a glowing silver altar of Zin.
  3533 | D:4      | Reached XP level 7. HP: 55/56 MP: 15/15
  3842 | D:5      | Entered Level 5 of the Dungeon
  3986 | D:5      | Noticed Sigmund
  4165 | D:5      | Noticed Ijyb
  4201 | D:5      | Killed Ijyb
  4286 | D:5      | Reached XP level 8. HP: 50/63 MP: 16/16
  4765 | D:5      | Killed Sigmund
  5181 | D:6      | Reached * piety under Makhleb
  5335 | D:6      | Reached XP level 9. HP: 62/69 MP: 18/18
  5742 | D:6      | Found an ancient bone altar of Kikubaaqudgha.
  6029 | D:7      | Found a flagged portal.
  6030 | D:7      | Noticed Pikel
  6048 | D:7      | Killed Pikel
  6049 | D:7      | Reached skill level 5 in Throwing
  6049 | D:7      | Reached skill level 5 in Armour
  6086 | D:7      | Reached skill level 5 in Invocations
  6093 | Bailey   | Entered a bailey
  6165 | Bailey   | Reached ** piety under Makhleb
  6442 | Bailey   | Noticed an orc sorcerer
  6461 | Bailey   | an orc sorcerer changed into a faun
  6461 | Bailey   | Noticed a faun
  6474 | Bailey   | Killed a faun
  6475 | Bailey   | Reached skill level 5 in Short Blades
  6475 | Bailey   | Reached skill level 5 in Axes
  6475 | Bailey   | Reached skill level 5 in Maces & Flails
  6475 | Bailey   | Reached skill level 5 in Polearms
  6475 | Bailey   | Reached skill level 5 in Staves
  6475 | Bailey   | Reached skill level 5 in Ranged Weapons
  6475 | Bailey   | Reached skill level 5 in Stealth
  6475 | Bailey   | Reached skill level 5 in Shields
  6475 | Bailey   | Reached skill level 5 in Unarmed Combat
  6475 | Bailey   | Reached skill level 5 in Evocations
  6475 | Bailey   | Reached XP level 10. HP: 18/77 MP: 20/20
  6678 | Bailey   | Acquired a +0 double sword of venom
  6812 | Bailey   | Found an iron altar of Okawaru.
  6814 | Bailey   | Noticed a kobold demonologist
  6860 | Bailey   | Noticed a sun demon
  6861 | Bailey   | Killed a kobold demonologist
  7483 | D:7      | Learned a level 3 spell: Gell's Gravitas
  7655 | D:7      | Reached skill level 5 in Shapeshifting
  7677 | D:7      | Reached *** piety under Makhleb
  7818 | D:7      | Slain by a troll

Illustrated notes

Levels and vault maps discovered:
D:1:      tarquinn_simple_flora_water_e, layout_rooms
D:2:      layout_loops_cross, hangedman_decor_clover_reticule,
          minmay_increasing_density, uniq_robin
D:3:      layout_basic
D:4:      layout_basic, xom_confusion_cloud, zin_scriptorium,
          amcnicky_altar_gilded, minmay_temple_entry_arrows
D:5:      layout_rooms, uniq_sigmund, uniq_ijyb
D:6:      layout_loops_ring, tgw_kikubaaqudgha,
          minmay_a_box_with_orc_wizards_in_it
D:7:      minmay_octagon_keep, layout_rooms, enter_bailey_6,
          minmay_misc_feat_pillars, hellmonk_guarded_unrand_frostbite,
          uniq_pikel
Temple:   eino_narrow_crystal_temple

Skill      XL: |  1  2  3  4  5  6  7  8  9 10 |
---------------+-------------------------------+-----
Spellcasting   | 5 6 7 |  7.5
Invocations    | 1 2 3 4 5 6 |  6.0
Short Blades   | 1 2 3 5 |  5.5
Axes           | 1 2 3 5 |  5.5
Maces & Flails | 1 2 3 5 |  5.5
Polearms       | 1 2 3 5 |  5.5
Staves         | 1 2 3 5 |  5.5
Ranged Weapons | 1 2 3 5 |  5.5
Stealth        | 1 2 3 5 |  5.5
Shields        | 1 2 3 5 |  5.5
Unarmed Combat | 1 2 3 5 |  5.5
Evocations     | 1 2 3 5 |  5.5
Shapeshifting  | 1 2 3 4 5 |  5.0
Conjurations   | 1 2 3 4 |  4.5
Hexes          | 1 2 3 4 |  4.5
Summonings     | 1 2 3 4 |  4.5
Necromancy     | 1 2 3 4 |  4.5
Transmutations | 1 2 3 4 |  4.5
Fire Magic     | 1 2 3 4 |  4.5
Ice Magic      | 1 2 3 4 |  4.5
Air Magic      | 1 2 3 4 |  4.5
Earth Magic    | 1 2 3 4 |  4.5
Poison Magic   | 1 2 3 4 |  4.5
Throwing       | 3 4 5 6 |  6.1
Armour         | 3 4 5 6 |  6.1
Fighting       | 5 6 7 |  7.2
Long Blades    | 5 6 7 |  7.2
Dodging        | 5 6 7 |  7.2
Translocations | 6 7 |  7.2

Action                     |  1- 3 |  4- 6 |  7- 9 | 10-12 || total
---------------------------+-------+-------+-------+-------++-------
  Melee: Falchion          |    30 |    15 |     3 |       ||    48
         Dagger            |    79 |   213 |   253 |       ||   545
         Bite              |     6 |    26 |    42 |     7 ||    81
         Punch             |     1 |       |       |       ||     1
         Scimitar          |       |       |   123 |    81 ||   204
  Throw: Dart              |       |     9 |    11 |       ||    20
   Cast: Blink             |       |     1 |       |       ||     1
 Invoke: Minor Destruction |       |       |    18 |    44 ||    62
         Lesser Servant of |       |       |       |     1 ||     1
  Evoke: Wand              |       |       |    13 |     1 ||    14
    Use: Scroll            |       |     1 |    12 |     2 ||    15
         Potion            |       |       |     1 |       ||     1
   Stab: Sleeping          |       |     2 |     2 |       ||     4
         Distracted        |       |       |       |     1 ||     1
 Armour: Leather armour    |    35 |    73 |   117 |    38 ||   263
  Dodge: Dodged            |    82 |   153 |   223 |    51 ||   509
  Block: Buckler           |       |    20 |    66 |    22 ||   108

Table legend: (Time is in decaauts)
 A = Elapsed time spent in this place.
 B = Non-inter-level travel time spent in this place.
 C = Inter-level travel time spent in this place.
 D = Time resting spent in this place.
 E = Time spent auto-exploring this place.
 F = Levels seen in this place.
 G = Mean time per level.
                   A        B        C        D        E       F      G
               +--------+--------+--------+--------+--------+-----+--------+
         Total |   7809 |   7528 |    281 |   1448 |   3421 |   9 |  867.7 |
       Dungeon |   6526 |   6259 |    267 |    899 |   3334 |   7 |  932.3 |
        Temple |     16 |      2 |     14 |      0 |      0 |   1 |   16.0 |
        Bailey |   1266 |   1266 |      0 |    549 |     87 |   1 | 1266.0 |
               +--------+--------+--------+--------+--------+-----+--------+

Top non-repeatable levels by time:
     D:4: 1381 daAuts
  Bailey: 1266 daAuts
     D:3: 1075 daAuts
     D:5: 1059 daAuts
     D:6: 922 daAuts
     D:2: 902 daAuts
     D:7: 668 daAuts
     D:1: 517 daAuts
  Temple: 16 daAuts
